 Dungeon Crawl Stone Soup version 0.23.0-3-gf3c87f2 (webtiles) character file.

Game seed: 10425034370522345247

300786 vishdafish the Blocker (level 21, -6/166 HPs)
             Began as a Gnoll Fighter on Feb 23, 2019.
             Was the Champion of Yredelemnul.
             Mangled by a shadow dragon (11 damage)
             ... while paralysed by a floating eye
             ... on level 5 of the Vaults.
             The game lasted 02:17:58 (43275 turns).

vishdafish the Blocker (Gnoll Fighter)             Turns: 43275, Time: 02:17:58

Health: -6/166     AC: 29    Str: 30    XL:     21   Next: 2%
Magic:  15/38      EV: -1    Int: 19    God:    Yredelemnul [******]
Gold:   2312       SH:  0    Dex: 19    Spells: 36/47 levels left

rFire    . . .     SeeInvis +   G - +5 demon trident (venom)
rCold    + . .     Gourm    .   c - +6 shield of Gallantry {Dex+4 Slay+2}
rNeg     + + .     Faith    +   Z - +6 chain mail of Ticzuorph {rElec rC- rN+ SInv}
rPois    +         Spirit   .   s - +0 helmet "Dugeo" {+Inv SInv}
rElec    +         Reflect  .   T - +2 cloak {+Inv}
rCorr    .         Harm     .   h - +1 pair of gloves {Str+3}
MR       .....     Clarity  +   A - +0 pair of boots of Odydgh {rC+ rN+ Int+4}
Stlth    +++.......             y - amulet "Cor Acoesk" {Faith rElec rC+ Str+3}
HPRegen  0.37/turn              U - +4 ring of evasion
MPRegen  0.26/turn              W - ring of poison resistance

@: paralysed, vulnerable, marked, constricted
A: distributed training, fangs 1, talons 1, clarity, strong nose
}: 2/15 runes: decaying, gossamer
a: Recall Undead Slaves, Injury Mirror, Animate Dead, Drain Life, Enslave Soul,
Renounce Religion, Evoke Invisibility


You were on level 5 of the Vaults.
You worshipped Yredelemnul.
Yredelemnul was exalted by your worship.
You were not hungry.

You visited 6 branches of the dungeon, and saw 36 of its levels.
You also visited: Gauntlet and Ice Cave.

You collected 3705 gold pieces.
You spent 1393 gold pieces at shops.

Inventory:

Hand Weapons
 G - a +5 demon trident of venom (weapon)
 S - a +2 scimitar of flaming
Missiles
 E - 22 javelins (quivered)
Armour
 c - the +6 shield of Gallantry (worn) {Dex+4 Slay+2}
   (You took it off an orc warlord on level 4 of the Vaults)

   It affects your dexterity (+4).
   It affects your accuracy and damage with ranged weapons and melee attacks
   (+2).
 h - a +1 pair of gloves of strength (worn)
 s - the +0 helmet "Dugeo" (worn) {+Inv SInv}
   (You acquired it on level 3 of the Swamp)

   It lets you see invisible.
   It lets you turn invisible.
 A - the +0 pair of boots of Odydgh (worn) {rC+ rN+ Int+4}
   (You found it on level 1 of the Swamp)

   It affects your intelligence (+4).
   It protects you from cold.
   It protects you from negative energy.
 K - the +2 cloak of the Thief {+Fog Slay-2 SInv Stlth+}
   (You found it in an ice cave)

   It affects your accuracy and damage with ranged weapons and melee attacks
   (-2).
   It lets you see invisible.
   It makes you more stealthy.
 T - a +2 cloak of invisibility (worn)
 Z - the +6 chain mail of Ticzuorph (worn) {rElec rC- rN+ SInv}
   (You took it off an orc warlord on level 4 of the Vaults)

   It makes you vulnerable to cold.
   It insulates you from electricity.
   It protects you from negative energy.
   It lets you see invisible.
Jewellery
 a - an uncursed ring of protection from magic
 m - an uncursed ring of resist corrosion
 u - an uncursed amulet of rage
 w - an uncursed ring of protection from fire
 y - the amulet "Cor Acoesk" (around neck) {Faith rElec rC+ Str+3}
   (You found it in a Gauntlet)

   [amulet of faith]

   It allows you to gain divine favour quickly.
   It affects your strength (+3).
   It protects you from cold.
   It insulates you from electricity.
 U - a +4 ring of evasion (left hand)
 W - a ring of poison resistance (right hand)
Wands
 D - a wand of enslavement (21)
 Q - a wand of flame (30)
 Y - a wand of iceblast (7)
Scrolls
 e - 9 scrolls of fear
 g - 4 scrolls of blinking
 i - 6 scrolls of fog
 j - 2 scrolls of enchant armour
 k - 17 scrolls of teleportation
 l - 13 scrolls of remove curse
 p - 5 scrolls of magic mapping
 q - 2 scrolls of immolation
 B - a scroll of silence
 I - 2 scrolls of identify
 V - a scroll of summoning
Potions
 b - a potion of resistance
 d - 5 potions of might
 n - 6 potions of mutation
 o - 8 potions of haste
 r - 2 potions of magic
 t - 5 potions of heal wounds
 z - 3 potions of lignification
 C - 4 potions of invisibility
 H - 7 potions of flight
 J - 4 potions of agility
 L - 2 potions of berserk rage
 M - 4 potions of brilliance
 O - 12 potions of curing
 R - 5 potions of ambrosia
 X - 2 potions of cancellation
Miscellaneous
 v - a phial of floods
 x - a lamp of fire
Comestibles
 f - 17 rations


   Skills:
 + Level 14.7 Fighting
 + Level 13.5 Short Blades
 + Level 14.1 Long Blades
 + Level 13.5 Axes
 + Level 13.5 Maces & Flails
 + Level 13.5 Polearms
 + Level 13.5 Staves
 + Level 13.5 Slings
 + Level 13.5 Bows
 + Level 13.5 Crossbows
 + Level 13.5 Throwing
 + Level 14.7 Armour
 + Level 13.5 Dodging
 + Level 13.5 Stealth
 + Level 14.7 Shields
 + Level 13.5 Unarmed Combat
 + Level 13.5 Spellcasting
 + Level 11.6 Conjurations
 + Level 11.6 Hexes
 + Level 11.6 Charms
 + Level 11.6 Summonings
 + Level 11.6 Necromancy
 + Level 11.6 Translocations
 + Level 11.6 Transmutations
 + Level 11.6 Fire Magic
 + Level 11.6 Ice Magic
 + Level 11.6 Air Magic
 + Level 11.6 Earth Magic
 + Level 11.6 Poison Magic
 + Level 14.6 Invocations
 + Level 13.5 Evocations


You had 36 spell levels left.
You knew the following spells:

 Your Spells              Type           Power        Failure   Level  Hunger
a - Passwall              Tmut/Erth      ######..     1%          2    None
b - Silence               Hex/Air        ######....   4%          5    ####...
c - Apportation           Tloc           ######       1%          1    None
d - Tukima's Dance        Hex            ######..     1%          3    None

Your spell library contained the following spells:

 Spells                   Type           Power        Failure   Level  Hunger
 Infusion                 Chrm           ####         1%          1    None
 Sandblast                Erth           ######       1%          1    None
 Sting                    Conj/Pois      ####         1%          1    None
 Summon Butterflies       Summ           ######..     1%          1    None
 Poisonous Vapours        Pois/Air       ######       1%          2    None
 Sticks to Snakes         Tmut           ######..     1%          2    None
 Sublimation of Blood     Necr           ######....   1%          2    None
 Call Canine Familiar     Summ           ######..     1%          3    None
 Ignite Poison            Fire/Tmut/Pois ######..     1%          3    None
 Lesser Beckoning         Tloc           ######....   1%          3    None
 Mephitic Cloud           Conj/Pois/Air  ######..     1%          3    None
 Ozocubu's Armour         Chrm/Ice       ######..     1%          3    None
 Recall                   Summ/Tloc      N/A          1%          3    None
 Stone Arrow              Conj/Erth      ######       1%          3    None
 Animate Dead             Necr           N/A          1%          4    None
 Ice Form                 Ice/Tmut       ######..     1%          4    None
 Olgreb's Toxic Radiance  Pois           ######..     1%          4    None
 Petrify                  Tmut/Erth      ######..     1%          4    None
 Summon Lightning Spire   Summ/Air       ######..     1%          4    None
 Alistair's Intoxication  Tmut/Pois      ######..     4%          5    ####...
 Borgnjor's Vile Clutch   Necr/Erth      ######....   4%          5    ####...
 Fireball                 Conj/Fire      ######....   4%          5    ####...
 Irradiate                Conj/Tmut      ######....   4%          5    ####...
 Iskenderun's Battlesphe  Conj/Chrm      ######..     4%          5    ####...
 Lee's Rapid Deconstruct  Erth           ######....   4%          5    ####...
 Metabolic Englaciation   Hex/Ice        ######....   4%          5    ####...
 Venom Bolt               Conj/Pois      ######....   4%          5    ####...
 Bolt of Cold             Conj/Ice       ######....   22%         6    #####..
 Bolt of Fire             Conj/Fire      ######....   22%         6    #####..
 Conjure Ball Lightning   Conj/Air       ######....   22%         6    #####..
 Death Channel            Necr           ######....   22%         6    #####..
 Deflect Missiles         Chrm/Air       ######....   22%         6    #####..
 Freezing Cloud           Conj/Ice/Air   ######....   22%         6    #####..
 Invisibility             Hex            ######..     22%         6    #####..
 Ozocubu's Refrigeration  Ice            ######....   22%         6    #####..
 Simulacrum               Ice/Necr       ######....   22%         6    #####..
 Dragon Form              Tmut           ######....   77%         7    #######
 Malign Gateway           Summ/Tloc      ######....   77%         7    #######
 Ring of Flames           Chrm/Fire      ######....   77%         7    #######
 Ignition                 Fire           ######....   100%        8    #######
 Tornado                  Air            ######....   100%        9    #######


Dungeon Overview and Level Annotations

Branches:
Dungeon (15/15)            Temple (0/1) D:5            Lair (6/6) D:11
  Swamp (4/4) Lair:3       Spider (4/4) Lair:4        Slime (0/5) Lair:6
    Orc (2/2) D:11            Elf (0/3) Orc:2        Vaults (5/5) D:14
 Depths (0/5) D:15
  Crypt: Vaults:2-3

Altars:
Ashenzari
Elyvilon
Kikubaaqudgha
Makhleb
Okawaru
Ru
Sif Muna
Yredelemnul
Zin
The Shining One
Beogh
Jiyva

Shops:
D:7 *   D:10 !   D:13 ?   Orc:2 *:[(*   Vaults:2 !   Vaults:4 !*


Innate Abilities, Weirdness & Mutations

Your experience applies equally to all skills.
You have very sharp teeth.
Your uncanny sense of smell can sniff out nearby items.
You have sharp toenails.
You possess an exceptional clarity of mind.


Message History

The shadow dragon claws you but does no damage.
The shadow dragon claws you.
* * * LOW HITPOINT WARNING * * *
The fire giant hits you but does no damage.
The vault warden hits you with a +2 long sword!!
* * * LOW HITPOINT WARNING * * *
The shadow dragon bites you but does no damage.
The shadow dragon claws you but does no damage. x2
The vault guard hits you but does no damage.
The tengu reaver hits you but does no damage.
The tengu reaver completely misses you. x2
The tentacled monstrosity tentacle-slaps you but does no damage.
The tentacled monstrosity tentacle-slaps you.
* * * LOW HITPOINT WARNING * * *
The tentacled monstrosity tentacle-slaps you but does no damage.
* * * LOW HITPOINT WARNING * * *
The tentacled monstrosity constricts you.
The shadow dragon bites you!
You die...
Your body rises from the dead as a mindless zombie. ......#....# ## ..)..)#....# #.## ..)cDC#....##.#.# CCDD#....#.#$# CCCXHDcp...#

#####p*uCuT..#####
.....DCpXpC)......
...WWDQ@eDCG......
.....pDDQCD.......
)....eDpWe).......
#####opp*ep..#####
#.oo..)p[..
#.)#....#pp.
.))#....#....
.(..#....#$....


You could see 7 shadow dragons, 2 tentacled monstrosities, an iron dragon, 3
titans, a golden dragon, 2 storm dragons, 2 very ugly things, a fire giant, a
sphinx, a stone giant, 5 vault wardens, 2 tengu reavers, a death knight, 2 vault
guards, an orc knight, a deep elf annihilator, a deep elf death mage, 4 ettins,
2 ghostly ettins, a ghostly deep elf sorcerer, a deep troll, 2 vault sentinels,
a deep elf knight, 2 phantasmal warriors, 2 ironbrand convokers, 2 yaktaurs, a
freezing wraith, a floating eye shaped shifter, an orc wizard, 2 battlespheres
and an orc.

Vanquished Creatures
  Boris (twice) (Vaults:3 Vaults:4)
  Saint Roka (Orc:2)
  A titan (Vaults:5)
  A quicksilver dragon (Vaults:5)
  A sphinx (Vaults:5)
  A storm dragon (Vaults:3)
  2 tengu reavers (Vaults:5)
  A fire giant (Vaults:3)
  18 vault wardens
  3 frost giants
  3 ghost moths
  2 deep elf sorcerers (Vaults:5)
  5 ironheart preservers
  An emperor scorpion (Spider:3)
  3 very ugly things
  2 deep elf elementalists
  3 deep elf demonologists (Vaults:5)
  An entropy weaver (Vaults:4)
  2 stone giants
  A minotaur (Gauntlet)
  A deep elf death mage (Vaults:3)
  8 yaktaur captains
  3 ogre magi
  An ice dragon (Vaults:3)
  4 hydras
  2 fire dragons
  A hell beast (Gauntlet)
  23 vault guards
  A ghost crab (Swamp:2)
  A shambling mangrove (Swamp:4)
  4 centaur warriors
  2 death yaks
  A death scarab (Spider:4)
  19 two-headed ogres
  4 alligators
  2 orc high priests (Vaults:4)
  Urug (D:12)
  Nergalle (Lair:2)
  2 shadow wraiths (Vaults:4)
  5 skeletal warriors
  2 flayed ghosts
  3 deep trolls
  A glowing orange brain (Vaults:2)
  3 spriggan druids
  2 swamp dragons
  A deep elf archer (Vaults:4)
  A necromancer (Gauntlet)
  A glowing orange brain (shapeshifter) (D:14)
  A spectral wolf spider (Spider:4)
  5 ironbrand convokers
  6 harpies
  5 orc knights
  10 orb spiders
  3 deep elf magi
  17 wolf spiders
  An orc sorcerer (Vaults:2)
  A wolf spider zombie (Spider:4)
  A cyclops (D:14)
  7 ugly things
  A manticore (Lair:6)
  4 elephants
  2 moths of wrath
  8 vault sentinels
  Joseph (D:7)
  7 spiny frogs
  A spiny frog (shapeshifter) (Vaults:2)
  6 demonic crawlers
  2 spectral redbacks (Spider:4)
  3 minotaur zombies (Gauntlet)
  2 rime drakes
  3 freezing wraiths
  A komodo dragon (shapeshifter) (Vaults:3)
  A redback zombie (Spider:4)
  30 yaktaurs
  A tengu conjurer (D:15)
  9 jumping spiders
  A tyrant leech (Swamp:1)
  A demonic crawler zombie (Spider:4)
  6 polar bears (IceCv)
  2 trolls
  A snapping turtle (shapeshifter) (Vaults:4)
  3 bog bodies
  4 slime creatures
  A jumping spider zombie (Spider:4)
  5 hornets
  A spectral jumping spider (Spider:4)
  A slime creature (shapeshifter) (Vaults:4)
  5 hippogriffs
  3 blink frogs
  50 redbacks
  2 wyverns
  24 tarantellas
  A wraith (D:14)
  A yak (shapeshifter) (Vaults:1)
  A spriggan (Swamp:1)
  A human (shapeshifter) (Vaults:4)
  A basilisk (Lair:5)
  39 yaks
  7 swamp worms
  10 vampire mosquitoes
  A warg (Vaults:3)
  An acid dragon (Vaults:1)
  6 water moccasins
  A sky beast (D:8)
  20 orc warriors
  7 porcupines
  5 swamp drakes
  6 ice beasts
  A black mamba simulacrum (Lair:4)
  3 phantoms
  A boggart (Vaults:3)
  5 centaurs
  A necrophage (Swamp:4)
  A black bear (D:11)
  An eye of draining (shapeshifter) (D:14)
  10 ogres
  15 wolves
  7 crocodiles
  2 big kobolds
  7 bullfrogs
  4 scorpions
  2 blink frog simulacra (Lair:4)
  A water moccasin skeleton (D:7)
  6 killer bees
  5 wights
  3 howler monkeys (D:7)
  4 crimson imps
  2 bullfrog zombies (D:6)
  21 orc priests
  7 hounds
  5 jellies
  2 quasits
  Crazy Yiuf (D:5)
  3 bullfrog skeletons
  3 centaur skeletons
  3 iguanas
  22 orc wizards
  Natasha (thrice) (D:4)
  6 worker ants
  A hound skeleton (D:11)
  17 gnolls
  15 adders
  A shadow imp (D:11)
  2 white imps
  An ooze (D:2)
  4 adder skeletons
  5 worms
  2 dart slugs
  6 leopard geckos
  64 orcs
  A ball python (D:3)
  6 giant cockroaches
  6 goblins
  6 hobgoblins
  6 jackals
  14 kobolds
  10 bats
  7 frilled lizards
  2 jackal skeletons
  A jackal zombie (D:6)
  A quokka skeleton (D:4)
  7 rats
  3 fungi
856 creatures vanquished.

Vanquished Creatures (collateral kills)
  Boris (Vaults:4)
  The ghost of Ugguttuj the Peltast, a veteran DrWn of Okawaru (Vaults:4)
  Nikola (Swamp:3)
  Jory (Vaults:2)
  A tentacled monstrosity (Vaults:3)
  A titan (Vaults:5)
  A shadow dragon (Vaults:5)
  2 tengu reavers
  4 fire giants
  2 orc warlords (Vaults:4)
  2 ghost moths (Spider:4)
  5 emperor scorpions (Spider:4)
  7 vault wardens
  9 ironheart preservers
  8 stone giants
  2 very ugly things
  A dire elephant (Lair:4)
  Azrael (D:15)
  2 spark wasps (Spider:4)
  The ghost of Elebi the Grappler, a journeyman DrTm of Yredelemnul (Lair:2)
  Josephine (Orc:2)
  A deep elf death mage (Vaults:4)
  The ghost of Monsterracer the Destroyer, a journeyman VSFE of Vehumet (Lair:4)
  3 yaktaur captains
  A hydra (shapeshifter) (Vaults:4)
  21 vault guards
  11 hydras
  A rakshasa (Vaults:3)
  A merfolk avatar (Lair:6)
  An ice dragon (Vaults:3)
  2 catoblepae
  A ghost crab (Swamp:4)
  A death knight (Vaults:5)
  3 centaur warriors
  A shambling mangrove (Swamp:1)
  6 alligators
  4 ogre magi
  2 tengu warriors
  23 two-headed ogres
  7 death scarabs (Spider:4)
  A death yak (IceCv)
  2 orc high priests
  4 deep elf knights (Vaults:3)
  A fire crab (shapeshifter) (D:15)
  A storm dragon skeleton (Vaults:2)
  9 skeletal warriors (Vaults:2)
  2 deep trolls
  2 spriggan druids (Swamp:3)
  An unseen horror (D:12)
  5 swamp dragons (Swamp:4)
  6 ironbrand convokers
  2 sea snakes (Lair:6)
  11 orc knights
  3 deep elf archers
  A wizard (Vaults:3)
  A spectral wolf spider (Spider:4)
  A harpy (shapeshifter) (D:14)
  3 wolf spider zombies (Spider:4)
  A flayed ghost (Vaults:2)
  5 deep elf magi
  2 phantasmal warriors (Vaults:4)
  9 harpies
  9 orb spiders
  3 orc sorcerers
  9 wolf spiders
  17 ugly things
  A moth of wrath (Spider:4)
  4 cyclopes
  3 manticores (Lair:6)
  4 black mambas
  22 elephants
  2 stone giant skeletons (Vaults:2)
  A gargoyle (D:15)
  6 vault sentinels
  A torpor snail (Spider:4)
  A torpor snail (shapeshifter) (Vaults:3)
  8 spiny frogs
  3 centaur skeletons
  3 spectral redbacks (Spider:4)
  8 demonic crawlers
  An ice devil (Gauntlet)
  7 rime drakes
  A redback zombie (Spider:4)
  7 komodo dragons
  3 freezing wraiths (Vaults:3)
  8 yaktaurs
  2 tengu conjurers
  2 trolls
  2 spectral jumping spiders (Spider:4)
  18 jumping spiders
  8 tyrant leeches
  8 polar bears
  3 meliai (D:13)
  5 blink frogs
  2 spectral tarantellas (Spider:4)
  11 hornets
  10 slime creatures
  A jumping spider zombie (Spider:4)
  3 tarantella zombies
  3 bog bodies
  A raiju (shapeshifter) (D:14)
  7 hippogriffs
  4 spriggans
  A shadow (D:11)
  22 tarantellas
  A wyvern (Lair:6)
  An ettin skeleton (Vaults:2)
  37 redbacks
  5 wraiths
  22 yaks
  3 hungry ghosts
  5 fire elementals
  11 vampire mosquitoes
  2 basilisks
  A warg (Orc:2)
  13 swamp worms
  10 water moccasins
  2 hell hounds (D:14)
  8 swamp drakes
  2 porcupines
  A spectral hornet (Spider:4)
  22 orc warriors
  7 ice beasts
  A sky beast (D:11)
  7 necrophages
  A phantom (D:13)
  3 boggarts (Vaults:3)
  8 ogres
  3 wolves
  8 centaurs
  3 human skeletons (Vaults:2)
  9 crocodiles
  A big kobold (D:11)
  Blork the orc (Orc:2)
  5 bullfrogs
  A wyvern skeleton (D:11)
  A blink frog simulacrum (Lair:4)
  An elephant simulacrum (Lair:4)
  3 scorpions
  3 wights (D:9)
  3 killer bees
  2 electric eels (Lair:1)
  2 centaur zombies
  A komodo dragon simulacrum (Lair:4)
  10 orc priests
  10 orc wizards
  2 hounds (D:9)
  A hound skeleton (D:9)
  A worker ant zombie (D:9)
  5 adders
  A shadow imp (D:14)
  2 white imps (Gauntlet)
  29 orcs
  33 fungi
  42 plants
819 creatures vanquished.

Vanquished Creatures (others)
  A golden dragon (Vaults:5)
  4 profane servitors
  3 bone dragons
  5 ghouls
  A stone giant (Vaults:4)
  6 vampire knights
  A two-headed ogre (Vaults:5)
  A titan zombie (Vaults:5)
  A deep elf knight (Vaults:4)
  10 skeletal warriors
  7 flayed ghosts
  A tengu zombie (Vaults:5)
  6 phantasmal warriors
  An ugly thing zombie (D:15)
  2 fire giant zombies (Vaults:4)
  4 wolf spider zombies
  8 human zombies
  2 stone giant skeletons (Vaults:4)
  4 human skeletons
  A rime drake (Lair:4)
  A swamp worm zombie (Swamp:3)
  3 redback zombies
  A spectral human (Vaults:4)
  4 harpy zombies
  A jumping spider (Spider:2)
  4 tarantella zombies (Spider:4)
  An elf zombie (Vaults:5)
  An alligator zombie (Swamp:1)
  2 jumping spider zombies (Spider:4)
  7 vampires
  9 flying skulls
  A yak (IceCv)
  A wraith (Lair:4)
  2 two-headed ogre zombies
  An orb spider zombie (Spider:3)
  A spiny frog zombie (Swamp:1)
  3 hornet zombies
  2 orc warriors
  An elephant zombie (Lair:4)
  3 vampire mosquito zombies
  3 yaktaur zombies
  A komodo dragon zombie (Lair:6)
  A cyclops zombie (Vaults:2)
  A yaktaur skeleton (Vaults:4)
  A water moccasin zombie (Lair:6)
  2 yak zombies (IceCv)
  3 wights
  A polar bear skeleton (IceCv)
  6 wolf zombies
  A centaur zombie (Vaults:3)
  A bullfrog zombie (Lair:4)
  A wolf skeleton (IceCv)
  A bog body skeleton (Swamp:4)
  2 killer bee zombies (D:7)
  3 ogre zombies
  A mummy (D:11)
  5 orc skeletons (Vaults:4)
  A swamp drake zombie (Swamp:1)
  An orc (Vaults:3)
  14 orc zombies
  3 fungi
  14 plants
  20 withered plants (Gauntlet)
205 creatures vanquished.

Grand Total: 1880 creatures vanquished

Notes
Turn   | Place    | Note
-------+----------+-------------------------------------------
     0 | D:1      | vishdafish the Gnoll Fighter began the quest for the Orb.
     0 | D:1      | Reached XP level 1. HP: 23/23 MP: 1/1
   250 | D:1      | Reached XP level 2. HP: 27/29 MP: 2/2
   479 | D:1      | Reached XP level 3. HP: 35/35 MP: 3/3
   688 | D:2      | Reached skill level 1 in Invocations
   748 | D:2      | Reached skill level 1 in Short Blades
   748 | D:2      | Reached skill level 1 in Axes
   748 | D:2      | Reached skill level 1 in Maces & Flails
   748 | D:2      | Reached skill level 1 in Polearms
   748 | D:2      | Reached skill level 1 in Staves
   748 | D:2      | Reached skill level 1 in Slings
   748 | D:2      | Reached skill level 1 in Bows
   748 | D:2      | Reached skill level 1 in Crossbows
   748 | D:2      | Reached skill level 1 in Throwing
   748 | D:2      | Reached skill level 1 in Dodging
   748 | D:2      | Reached skill level 1 in Stealth
   748 | D:2      | Reached skill level 1 in Unarmed Combat
   748 | D:2      | Reached skill level 1 in Spellcasting
   748 | D:2      | Reached skill level 1 in Evocations
   927 | D:2      | Reached XP level 4. HP: 31/41 MP: 5/5
   951 | D:2      | Found a burning altar of Makhleb.
   954 | D:2      | Found a glowing silver altar of Zin.
   954 | D:2      | Noticed an angel
   955 | D:2      | Noticed a balrug
  1160 | D:2      | Reached skill level 1 in Conjurations
  1160 | D:2      | Reached skill level 1 in Hexes
  1160 | D:2      | Reached skill level 1 in Charms
  1160 | D:2      | Reached skill level 1 in Summonings
  1160 | D:2      | Reached skill level 1 in Necromancy
  1160 | D:2      | Reached skill level 1 in Translocations
  1160 | D:2      | Reached skill level 1 in Transmutations
  1160 | D:2      | Reached skill level 1 in Fire Magic
  1160 | D:2      | Reached skill level 1 in Ice Magic
  1160 | D:2      | Reached skill level 1 in Air Magic
  1160 | D:2      | Reached skill level 1 in Earth Magic
  1160 | D:2      | Reached skill level 1 in Poison Magic
  1207 | D:2      | Found a glowing golden altar of the Shining One.
  1207 | D:2      | Found a shattered altar of Ashenzari.
  1212 | D:2      | Found a faded altar of an unknown god.
  1214 | D:2      | Found a white marble altar of Elyvilon.
  1216 | D:2      | Found a basalt altar of Yredelemnul.
  1333 | D:2      | Became a worshipper of Yredelemnul the Dark
  1409 | D:3      | Reached XP level 5. HP: 39/47 MP: 6/6
  1710 | D:3      | Found a faded altar of an unknown god.
  1871 | D:4      | Reached * piety under Yredelemnul
  1920 | D:4      | Noticed Natasha
  1922 | D:4      | Reached XP level 6. HP: 29/53 MP: 8/8
  1929 | D:4      | Killed Natasha
  2394 | D:4      | Reached skill level 5 in Long Blades
  2414 | D:4      | Noticed Natasha
  2432 | D:4      | Killed Natasha
  2624 | D:4      | Found a sacrificial altar of Ru.
  2626 | D:4      | Found a deep blue altar of Sif Muna.
  2802 | D:4      | Noticed Natasha
  2809 | D:4      | Killed Natasha
  2809 | D:4      | Reached XP level 7. HP: 48/59 MP: 10/10
  2887 | D:5      | Entered Level 5 of the Dungeon
  3417 | D:5      | Found a runed translucent door.
  3418 | D:5      | Noticed Crazy Yiuf
  3434 | D:5      | Found a staircase to the Ecumenical Temple.
  3617 | D:5      | Reached ** piety under Yredelemnul
  3802 | D:5      | Killed Crazy Yiuf
  3949 | D:6      | Reached XP level 8. HP: 59/67 MP: 12/12
  4416 | D:6      | Found an ancient bone altar of Kikubaaqudgha.
  5789 | D:7      | Reached XP level 9. HP: 72/72 MP: 14/14
  5869 | D:7      | Reached *** piety under Yredelemnul
  5887 | D:7      | Received a gift from Yredelemnul (a wight)
  6004 | D:7      | Noticed Joseph
  6013 | D:7      | Killed Joseph
  6075 | D:7      | Noticed a two-headed ogre
  6103 | D:7      | Killed a two-headed ogre
  6103 | D:7      | Reached skill level 5 in Invocations
  6393 | D:7      | Found Diphia's Elemental Accessories.
  6422 | D:7      | Reached XP level 10. HP: 80/80 MP: 17/17
  7188 | D:8      | HP: 3/80 [orc priest/divine providence (12)]
  7488 | D:8      | Reached skill level 5 in Short Blades
  7488 | D:8      | Reached skill level 5 in Axes
  7488 | D:8      | Reached skill level 5 in Maces & Flails
  7488 | D:8      | Reached skill level 5 in Polearms
  7488 | D:8      | Reached skill level 5 in Staves
  7488 | D:8      | Reached skill level 5 in Slings
  7488 | D:8      | Reached skill level 5 in Bows
  7488 | D:8      | Reached skill level 5 in Crossbows
  7488 | D:8      | Reached skill level 5 in Throwing
  7488 | D:8      | Reached skill level 5 in Dodging
  7488 | D:8      | Reached skill level 5 in Stealth
  7488 | D:8      | Reached skill level 5 in Unarmed Combat
  7488 | D:8      | Reached skill level 5 in Spellcasting
  7488 | D:8      | Reached skill level 5 in Evocations
  7570 | D:8      | Noticed a two-headed ogre
  7624 | D:8      | Killed a two-headed ogre
  7625 | D:8      | Received a gift from Yredelemnul (4 flying skulls)
  8258 | D:9      | Noticed a two-headed ogre
  8267 | D:9      | Killed a two-headed ogre
  8508 | D:9      | Noticed a two-headed ogre
  8519 | D:9      | Killed a two-headed ogre
  8575 | D:9      | Gained mutation: You have sharp toenails. [potion of
                  | mutation]
  8575 | D:9      | Gained mutation: You possess an exceptional clarity of
                  | mind. [potion of mutation]
  8594 | D:10     | Entered Level 10 of the Dungeon
  8827 | D:10     | Received a gift from Yredelemnul (a wight)
  8831 | D:10     | Reached XP level 11. HP: 69/87 MP: 19/19
  8868 | D:10     | Found Tinnuf's Distillery.
  8874 | D:10     | Bought a potion of might for 56 gold pieces
  8874 | D:10     | Bought a potion of agility for 56 gold pieces
  8874 | D:10     | Bought a potion of resistance for 140 gold pieces
  8874 | D:10     | Bought a potion of berserk rage for 70 gold pieces
  8874 | D:10     | Bought a potion of invisibility for 112 gold pieces
  9469 | D:11     | Reached **** piety under Yredelemnul
  9577 | D:11     | Received a gift from Yredelemnul (a mummy)
  9595 | D:11     | Noticed a two-headed ogre
  9614 | D:11     | Killed a two-headed ogre
  9614 | D:11     | Reached skill level 5 in Conjurations
  9614 | D:11     | Reached skill level 5 in Hexes
  9614 | D:11     | Reached skill level 5 in Charms
  9614 | D:11     | Reached skill level 5 in Summonings
  9614 | D:11     | Reached skill level 5 in Necromancy
  9614 | D:11     | Reached skill level 5 in Translocations
  9614 | D:11     | Reached skill level 5 in Transmutations
  9614 | D:11     | Reached skill level 5 in Fire Magic
  9614 | D:11     | Reached skill level 5 in Ice Magic
  9614 | D:11     | Reached skill level 5 in Air Magic
  9614 | D:11     | Reached skill level 5 in Earth Magic
  9614 | D:11     | Reached skill level 5 in Poison Magic
  9740 | D:11     | Found a staircase to the Lair.
  9870 | D:11     | Noticed a green ugly thing
  9877 | D:11     | Killed a green ugly thing
 10091 | D:11     | Received a gift from Yredelemnul (a vampire)
 10320 | D:11     | Found a staircase to the Orcish Mines.
 10588 | D:12     | Noticed a two-headed ogre
 10600 | D:12     | Received a gift from Yredelemnul (5 flying skulls)
 10604 | D:12     | Killed a two-headed ogre
 10614 | D:12     | Killed an unseen horror
 10626 | D:12     | Reached ***** piety under Yredelemnul
 10784 | D:12     | Noticed a red ugly thing
 10791 | D:12     | HP: 2/89 [red ugly thing (23)]
 10797 | D:12     | Killed a red ugly thing
 10806 | D:12     | Noticed a cyan ugly thing
 10816 | D:12     | Killed a cyan ugly thing
 10817 | D:12     | Received a gift from Yredelemnul (a wight)
 10818 | D:12     | Killed a two-headed ogre
 10829 | D:12     | Reached XP level 12. HP: 50/96 MP: 19/22
 11067 | D:12     | Noticed a two-headed ogre
 11070 | D:12     | Killed a two-headed ogre
 11098 | D:12     | Noticed Urug
 11122 | D:12     | Killed Urug
 11301 | D:12     | Received a gift from Yredelemnul (a vampire)
 11871 | D:13     | Received a gift from Yredelemnul (a phantasmal warrior)
 11929 | D:13     | Noticed a two-headed ogre
 11974 | Lair:1   | Entered Level 1 of the Lair of Beasts
 11990 | Lair:1   | Received a gift from Yredelemnul (a vampire)
 12233 | Lair:1   | Received a gift from Yredelemnul (a flayed ghost)
 13310 | Lair:2   | Noticed Nergalle
 13321 | Lair:2   | Killed Nergalle
 13411 | Lair:2   | Noticed Elebi's ghost (journeyman DrTm)
 13425 | Lair:2   | Found a runed translucent gate.
 13425 | Lair:2   | Found a runed translucent gate.
 13426 | Lair:2   | Found a runed translucent gate.
 13427 | Lair:2   | Noticed a four-headed hydra
 13456 | Lair:2   | Reached skill level 10 in Fighting
 13456 | Lair:2   | Reached skill level 10 in Armour
 13456 | Lair:2   | Reached skill level 10 in Shields
 13533 | Lair:2   | Noticed a death yak
 14209 | Lair:2   | Received a gift from Yredelemnul (a flayed ghost)
 14213 | Lair:2   | Killed a two-headed hydra
 14213 | Lair:2   | Reached XP level 13. HP: 50/103 MP: 24/24
 14216 | Lair:2   | Killed Elebi's ghost
 14380 | Lair:3   | Found a staircase to the Swamp.
 14895 | Lair:3   | Received a gift from Yredelemnul (a vampire knight)
 15496 | Lair:4   | Found a runed translucent gate.
 15496 | Lair:4   | Found a runed translucent gate.
 15496 | Lair:4   | Found a runed translucent gate.
 15551 | Lair:4   | Received a gift from Yredelemnul (a wraith)
 15857 | Lair:4   | Noticed a dire elephant
 15862 | Lair:4   | Killed a dire elephant
 15999 | Lair:4   | Noticed Monsterracer's ghost (journeyman VSFE)
 16002 | Lair:4   | Received a gift from Yredelemnul (a vampire knight)
 16229 | Lair:4   | Found a hole to the Spider Nest.
 16463 | Lair:4   | Received a gift from Yredelemnul (a skeletal warrior)
 16521 | Lair:4   | Killed Monsterracer's ghost
 16936 | Lair:5   | Reached ****** piety under Yredelemnul
 17314 | Lair:6   | Entered Level 6 of the Lair of Beasts
 17478 | Lair:6   | Received a gift from Yredelemnul (a skeletal warrior)
 17521 | Lair:6   | Reached XP level 14. HP: 101/111 MP: 26/26
 17553 | Lair:6   | Received a gift from Yredelemnul (a skeletal warrior)
 17611 | Lair:6   | Identified Sif Muna's Incunabulum of Good Luck and
                  | Translocation
 17639 | Lair:6   | Received a gift from Yredelemnul (a profane servitor)
 17759 | Lair:6   | Reached skill level 10 in Long Blades
 17821 | Lair:6   | Found a staircase to the Slime Pits.
 17822 | Lair:6   | Found a viscous altar of Jiyva.
 17866 | Lair:6   | Found a frozen archway.
 17881 | IceCv    | Entered an ice cave
 19402 | IceCv    | Received a gift from Yredelemnul (a vampire knight)
 19421 | IceCv    | Noticed a frost giant
 19451 | IceCv    | Killed a frost giant
 19741 | IceCv    | Found the +2 cloak of the Thief {+Fog Slay-2 SInv Stlth+}
 19809 | Lair:6   | Found an iron altar of Okawaru.
 20681 | Orc:1    | Entered Level 1 of the Orcish Mines
 20959 | Orc:2    | Entered Level 2 of the Orcish Mines
 20999 | Orc:2    | Received a gift from Yredelemnul (a flayed ghost)
 21048 | Orc:2    | Noticed Saint Roka
 21053 | Orc:2    | Reached skill level 10 in Invocations
 21059 | Orc:2    | Received a gift from Yredelemnul (a vampire)
 21065 | Orc:2    | Noticed Blork the orc
 21068 | Orc:2    | Found a roughly hewn altar of Beogh.
 21082 | Orc:2    | Killed Saint Roka
 21085 | Orc:2    | Killed Blork the orc
 21102 | Orc:2    | Received a gift from Yredelemnul (a vampire knight)
 21104 | Orc:2    | Found Ythaiff's Antique Weapon Shoppe.
 21139 | Orc:2    | Found Rometas's Antique Armour Shoppe.
 21190 | Orc:2    | Noticed Josephine
 21211 | Orc:2    | Killed Josephine
 21291 | Orc:2    | Found a staircase to the Elven Halls.
 21339 | Orc:2    | Found Zuataquh's Assorted Antiques.
 21348 | Orc:2    | Bought a scroll labeled WOATHU BUN for 23 gold pieces
 21348 | Orc:2    | Bought a potion of curing for 69 gold pieces
 21458 | Orc:2    | Found Ruuxzyme's General Store.
 21473 | Orc:2    | Found Buiro Ruc's Book Shoppe.
 21808 | D:13     | Found Caes's Magic Scroll Shop.
 21982 | D:13     | Received a gift from Yredelemnul (a phantasmal warrior)
 22010 | D:13     | Bought a scroll of identify for 34 gold pieces
 22010 | D:13     | Bought a scroll of teleportation for 51 gold pieces
 22010 | D:13     | Bought a scroll of vulnerability for 127 gold pieces
 22010 | D:13     | Bought a scroll of immolation for 59 gold pieces
 22520 | D:14     | Received a gift from Yredelemnul (a flayed ghost)
 22579 | D:14     | Reached XP level 15. HP: 102/119 MP: 28/28
 22704 | D:14     | Found a gate to the Vaults.
 23541 | D:15     | Entered Level 15 of the Dungeon
 23541 | D:15     | Noticed Azrael
 23550 | D:14     | Received a gift from Yredelemnul (a ghoul)
 23594 | D:15     | Killed Azrael
 23654 | D:15     | Found a gate leading to a gauntlet.
 23663 | Gauntlet | Entered a Gauntlet
 23663 | Gauntlet | Found a transporter.
 23663 | Gauntlet | Found a transporter.
 24019 | Gauntlet | Found a transporter.
 24037 | Gauntlet | Found a transporter.
 24059 | Gauntlet | Found a transporter.
 24077 | Gauntlet | Found a transporter.
 24183 | Gauntlet | Found a transporter.
 24191 | Gauntlet | Found a transporter.
 24222 | Gauntlet | Received a gift from Yredelemnul (a vampire knight)
 24282 | Gauntlet | Found a transporter.
 24310 | Gauntlet | Found a transporter.
 24335 | Gauntlet | Got a bound lead amulet
 24337 | Gauntlet | Identified the amulet "Cor Acoesk" {Faith rElec rC+ Str+3}
                  | (You found it in a Gauntlet)
 24359 | Gauntlet | Found a transporter.
 24375 | Gauntlet | Found a transporter.
 24383 | Gauntlet | Found a transporter.
 24389 | Gauntlet | Found a transporter.
 24704 | Gauntlet | Identified Foakuo Wawk's Volume of Supportive
                  | Transformation
 25130 | D:15     | Received a gift from Yredelemnul (a bone dragon)
 25814 | D:15     | Found a staircase to the Depths.
 26118 | Spider:1 | Entered Level 1 of the Spider Nest
 26125 | Spider:1 | Reached skill level 10 in Short Blades
 26125 | Spider:1 | Reached skill level 10 in Axes
 26125 | Spider:1 | Reached skill level 10 in Maces & Flails
 26125 | Spider:1 | Reached skill level 10 in Polearms
 26125 | Spider:1 | Reached skill level 10 in Staves
 26125 | Spider:1 | Reached skill level 10 in Slings
 26125 | Spider:1 | Reached skill level 10 in Bows
 26125 | Spider:1 | Reached skill level 10 in Crossbows
 26125 | Spider:1 | Reached skill level 10 in Throwing
 26125 | Spider:1 | Reached skill level 10 in Dodging
 26125 | Spider:1 | Reached skill level 10 in Stealth
 26125 | Spider:1 | Reached skill level 10 in Unarmed Combat
 26125 | Spider:1 | Reached skill level 10 in Spellcasting
 26125 | Spider:1 | Reached skill level 10 in Evocations
 26747 | Spider:2 | Received a gift from Yredelemnul (a vampire knight)
 26992 | Spider:2 | Received a gift from Yredelemnul (a vampire)
 27040 | Spider:2 | Noticed a ghost moth
 27048 | Spider:2 | Killed a ghost moth
 27081 | Spider:2 | Received a gift from Yredelemnul (a skeletal warrior)
 27128 | Spider:2 | Reached XP level 16. HP: 95/127 MP: 30/30
 27617 | Spider:2 | Received a gift from Yredelemnul (a skeletal warrior)
 28375 | Spider:3 | Received a gift from Yredelemnul (a phantasmal warrior)
 29372 | Spider:4 | Entered Level 4 of the Spider Nest
 29421 | Spider:4 | Received a gift from Yredelemnul (a phantasmal warrior)
 30038 | Spider:4 | Received a gift from Yredelemnul (a profane servitor)
 30069 | Spider:4 | Received a gift from Yredelemnul (a vampire)
 30298 | Spider:4 | Received a gift from Yredelemnul (a phantasmal warrior)
 30315 | Spider:4 | Got a gossamer rune of Zot
 30484 | Spider:4 | Reached XP level 17. HP: 108/135 MP: 32/32
 30489 | Spider:4 | Received a gift from Yredelemnul (a skeletal warrior)
 30710 | Spider:4 | Learned a level 2 spell: Passwall
 30716 | Spider:4 | Learned a level 5 spell: Silence
 30718 | Spider:4 | Learned a level 1 spell: Apportation
 30826 | Swamp:1  | Entered Level 1 of the Swamp
 31001 | Swamp:1  | Received a gift from Yredelemnul (a phantasmal warrior)
 31068 | Swamp:1  | Received a gift from Yredelemnul (a flayed ghost)
 31078 | Swamp:1  | Got a pair of translucent boots
 31092 | Swamp:1  | Identified the +0 pair of boots of Odydgh {rC+ rN+ Int+4}
                  | (You found it on level 1 of the Swamp)
 31678 | Swamp:2  | Received a gift from Yredelemnul (a vampire)
 32877 | Swamp:3  | Noticed Nikola
 32883 | Swamp:3  | Killed Nikola
 32933 | Swamp:3  | HP: 1/135 [alligator (34)]
 32964 | Swamp:3  | Received a gift from Yredelemnul (a profane servitor)
 33550 | Swamp:3  | Identified a scroll of acquirement
 33601 | Swamp:3  | Got a spiked helmet
 33612 | Swamp:3  | Identified the +0 helmet "Dugeo" {+Inv SInv} (You acquired
                  | it on level 3 of the Swamp)
 33912 | Swamp:4  | Entered Level 4 of the Swamp
 33980 | Swamp:4  | Received a gift from Yredelemnul (a bone dragon)
 34066 | Swamp:4  | Received a gift from Yredelemnul (a flayed ghost)
 34293 | Swamp:4  | Received a gift from Yredelemnul (a phantasmal warrior)
 34301 | Swamp:4  | Received a gift from Yredelemnul (a skeletal warrior)
 34327 | Swamp:4  | Got a decaying rune of Zot
 34918 | Vaults:1 | Entered Level 1 of the Vaults
 35441 | D:14     | Received a gift from Yredelemnul (a ghoul)
 36241 | Vaults:1 | Reached skill level 10 in Conjurations
 36241 | Vaults:1 | Reached skill level 10 in Hexes
 36241 | Vaults:1 | Reached skill level 10 in Charms
 36241 | Vaults:1 | Reached skill level 10 in Summonings
 36241 | Vaults:1 | Reached skill level 10 in Necromancy
 36241 | Vaults:1 | Reached skill level 10 in Translocations
 36241 | Vaults:1 | Reached skill level 10 in Transmutations
 36241 | Vaults:1 | Reached skill level 10 in Fire Magic
 36241 | Vaults:1 | Reached skill level 10 in Ice Magic
 36241 | Vaults:1 | Reached skill level 10 in Air Magic
 36241 | Vaults:1 | Reached skill level 10 in Earth Magic
 36241 | Vaults:1 | Reached skill level 10 in Poison Magic
 36241 | Vaults:1 | Received a gift from Yredelemnul (a profane servitor)
 36321 | Vaults:1 | Reached XP level 18. HP: 128/143 MP: 33/33
 36341 | Vaults:1 | Received a gift from Yredelemnul (a flayed ghost)
 36574 | Vaults:1 | Learned a level 3 spell: Tukima's Dance
 37160 | Vaults:2 | Received a gift from Yredelemnul (a bone dragon)
 37227 | Vaults:2 | Received a gift from Yredelemnul (a vampire knight)
 37529 | Vaults:2 | Noticed Jory
 37555 | Vaults:2 | Found Juk Ome's Distillery.
 37559 | Vaults:2 | Received a gift from Yredelemnul (a flayed ghost)
 37568 | Vaults:2 | Received a gift from Yredelemnul (a skeletal warrior)
 37587 | Vaults:2 | Killed Jory
 37655 | Vaults:2 | Bought a potion of magic for 160 gold pieces
 37655 | Vaults:2 | Bought a potion of curing for 60 gold pieces
 37655 | Vaults:2 | Bought a potion of berserk rage for 100 gold pieces
 37894 | Vaults:2 | Received a gift from Yredelemnul (a ghoul)
 38230 | Vaults:2 | Received a gift from Yredelemnul (a ghoul)
 38555 | Vaults:2 | You fall through a shaft!
 38556 | Vaults:3 | Noticed a tentacled monstrosity
 38559 | Vaults:3 | Killed a tentacled monstrosity
 38577 | Vaults:3 | Received a gift from Yredelemnul (a vampire)
 38647 | Vaults:3 | Received a gift from Yredelemnul (a vampire knight)
 38648 | Vaults:3 | Reached XP level 19. HP: 94/151 MP: 35/35
 38658 | Vaults:3 | Noticed Boris
 38672 | Vaults:3 | Killed Boris
 39818 | Vaults:3 | Received a gift from Yredelemnul (a vampire knight)
 39971 | Vaults:3 | Received a gift from Yredelemnul (a vampire knight)
 40706 | Vaults:4 | Found Rutijats's Distillery.
 40709 | Vaults:4 | Bought a potion of curing for 36 gold pieces
 40709 | Vaults:4 | Bought a potion of resistance for 120 gold pieces
 40709 | Vaults:4 | Bought 2 potions of heal wounds for 120 gold pieces
 40715 | Vaults:4 | Found Yjoatsi's Assorted Antiques.
 40749 | Vaults:4 | Noticed Boris
 40765 | Vaults:4 | Killed Boris
 41099 | Vaults:4 | Received a gift from Yredelemnul (a ghoul)
 41263 | Vaults:4 | Found a runed translucent gate.
 41263 | Vaults:4 | Identified the ring "Kutew" {MP+9 Int+4 Stlth+}
 41264 | Vaults:4 | Found a runed translucent gate.
 41264 | Vaults:4 | Found a runed translucent gate.
 41264 | Vaults:4 | Identified the +6 chain mail of Ticzuorph {rElec rC- rN+
                  | SInv}
 41265 | Vaults:4 | Noticed Ugguttuj's ghost (veteran DrWn)
 41576 | Vaults:4 | Received a gift from Yredelemnul (a skeletal warrior)
 41850 | Vaults:4 | Identified the +6 chain mail of Unreason {rElec rN+ Str-5
                  | Dex+4}
 41850 | Vaults:4 | Identified the +6 shield of Gallantry {Dex+4 Slay+2}
 41982 | Vaults:4 | Found a roughly hewn altar of Beogh.
 42014 | Vaults:4 | Killed Ugguttuj's ghost
 42015 | Vaults:4 | Reached XP level 20. HP: 119/159 MP: 25/36
 42427 | Vaults:5 | Entered Level 5 of the Vaults
 42515 | Vaults:4 | Received a gift from Yredelemnul (a flayed ghost)
 42564 | Vaults:4 | Received a gift from Yredelemnul (a phantasmal warrior)
 42691 | Vaults:5 | Noticed Boris
 42782 | Vaults:4 | Received a gift from Yredelemnul (a skeletal warrior)
 42927 | Vaults:4 | Killed Boris
 43161 | Vaults:5 | Received a gift from Yredelemnul (a phantasmal warrior)
 43237 | Vaults:5 | Noticed a golden dragon
 43239 | Vaults:5 | Identified the +6 rapier of Sloth {pierce, +Inv MR+ Str+2}
 43248 | Vaults:5 | Noticed a golden dragon
 43256 | Vaults:5 | Received a gift from Yredelemnul (a ghoul)
 43261 | Vaults:5 | Received a gift from Yredelemnul (a bone dragon)
 43265 | Vaults:5 | Noticed a Brimstone Fiend
 43265 | Vaults:5 | Killed a golden dragon
 43266 | Vaults:5 | Reached XP level 21. HP: 88/166 MP: 19/38
 43273 | Vaults:5 | Paralysed by a floating eye for 4 turns
 43274 | Vaults:5 | HP: 7/166 [vault warden/+2 long sword (23)]
 43275 | Vaults:5 | Mangled by a shadow dragon

Skill      XL: |  1  2  3  4  5  6  7  8  9 10 11 12 13 14 15 16 17 18 19 20 |
---------------+-------------------------------------------------------------+-----
Invocations    | 1 2 3 4 5 6 7 8 9 10 11 12 13 14 | 14.6
Short Blades   | 1 2 3 4 5 6 7 8 9 10 11 12 13 | 13.5
Axes           | 1 2 3 4 5 6 7 8 9 10 11 12 13 | 13.5
Maces & Flails | 1 2 3 4 5 6 7 8 9 10 11 12 13 | 13.5
Polearms       | 1 2 3 4 5 6 7 8 9 10 11 12 13 | 13.5
Staves         | 1 2 3 4 5 6 7 8 9 10 11 12 13 | 13.5
Slings         | 1 2 3 4 5 6 7 8 9 10 11 12 13 | 13.5
Bows           | 1 2 3 4 5 6 7 8 9 10 11 12 13 | 13.5
Crossbows      | 1 2 3 4 5 6 7 8 9 10 11 12 13 | 13.5
Throwing       | 1 2 3 4 5 6 7 8 9 10 11 12 13 | 13.5
Dodging        | 1 2 3 4 5 6 7 8 9 10 11 12 13 | 13.5
Stealth        | 1 2 3 4 5 6 7 8 9 10 11 12 13 | 13.5
Unarmed Combat | 1 2 3 4 5 6 7 8 9 10 11 12 13 | 13.5
Spellcasting   | 1 2 3 4 5 6 7 8 9 10 11 12 13 | 13.5
Evocations     | 1 2 3 4 5 6 7 8 9 10 11 12 13 | 13.5
Conjurations   | 1 2 3 4 5 6 7 8 9 10 11 | 11.6
Hexes          | 1 2 3 4 5 6 7 8 9 10 11 | 11.6
Charms         | 1 2 3 4 5 6 7 8 9 10 11 | 11.6
Summonings     | 1 2 3 4 5 6 7 8 9 10 11 | 11.6
Necromancy     | 1 2 3 4 5 6 7 8 9 10 11 | 11.6
Translocations | 1 2 3 4 5 6 7 8 9 10 11 | 11.6
Transmutations | 1 2 3 4 5 6 7 8 9 10 11 | 11.6
Fire Magic     | 1 2 3 4 5 6 7 8 9 10 11 | 11.6
Ice Magic      | 1 2 3 4 5 6 7 8 9 10 11 | 11.6
Air Magic      | 1 2 3 4 5 6 7 8 9 10 11 | 11.6
Earth Magic    | 1 2 3 4 5 6 7 8 9 10 11 | 11.6
Poison Magic   | 1 2 3 4 5 6 7 8 9 10 11 | 11.6
Long Blades    | 5 6 7 8 9 10 11 12 13 14 | 14.1
Fighting       | 7 8 9 10 11 12 13 14 | 14.7
Armour         | 7 8 9 10 11 12 13 14 | 14.7
Shields        | 7 8 9 10 11 12 13 14 | 14.7

Action                   |  1- 3 |  4- 6 |  7- 9 | 10-12 | 13-15 | 16-18 | 19-21 || total
-------------------------+-------+-------+-------+-------+-------+-------+-------++-------
Melee: Long sword        |    84 |   209 |    39 |    71 |       |       |       ||   403
       Bite              |     8 |    26 |    70 |    96 |   164 |   191 |   134 ||   689
       Dagger            |       |       |   398 |   472 |       |       |       ||   870
       Spear             |       |       |     9 |    10 |       |       |       ||    19
       Kick              |       |       |       |   224 |   394 |   199 |       ||   817
       War axe           |       |       |       |   161 |   612 |       |       ||   773
       Battleaxe         |       |       |       |    10 |    18 |       |       ||    28
       Trident           |       |       |       |       |    77 |    53 |    33 ||   163
       Scimitar          |       |       |       |       |   240 |  1020 |   379 ||  1639
       Demon trident     |       |       |       |       |       |       |   184 ||   184
Throw: Javelin           |       |       |       |     2 |    29 |    15 |     1 ||    47
Invok: Animate Dead      |       |       |     2 |    19 |    60 |    55 |    15 ||   151
       Injury Mirror     |       |       |     1 |       |       |       |       ||     1
       Recall Undead Sla |       |       |       |     9 |     6 |     5 |     2 ||    22
       Drain Life        |       |       |       |       |     7 |     5 |    15 ||    27
       Enslave Soul      |       |       |       |       |       |       |     1 ||     1
Evoke: Wand              |       |       |       |       |    23 |    18 |     3 ||    44
       Phial of floods   |       |       |       |       |     2 |     1 |     1 ||     4
       Phantom mirror    |       |       |       |       |     1 |       |       ||     1
       Lamp of fire      |       |       |       |       |       |     2 |     2 ||     4
  Use: Potion            |       |     1 |     2 |     8 |     2 |     3 |     2 ||    18
       Scroll            |       |       |       |    10 |     9 |    10 |     5 ||    34
 Stab: Sleeping          |       |       |       |    14 |    31 |    23 |     4 ||    72
       Distracted        |       |       |       |     8 |    22 |    20 |    17 ||    67
       Paralysed         |       |       |       |       |     5 |     4 |       ||     9
  Eat: Chunk             |       |     8 |    14 |    20 |    13 |    12 |     7 ||    74
       Ration            |       |       |       |     3 |    14 |    13 |     6 ||    36
Armor: Scale mail        |    27 |   101 |   122 |   146 |   239 |   252 |       ||   887
       Chain mail        |       |       |       |       |       |    13 |   252 ||   265
Dodge: Dodged            |    30 |    83 |   151 |   236 |   640 |   805 |   457 ||  2402
Block: Shield            |    51 |   141 |   246 |   324 |   686 |   756 |   577 ||  2781
       Rpst.: Long sword |    10 |    23 |     4 |     9 |       |       |       ||    46
       Scimitar          |       |       |       |       |    39 |   151 |    35 ||   225
